 Dungeon Crawl Stone Soup version 0.20.0-3-g22ec75f (webtiles) character file.

117 KiwiOfAdowableness the Magician (level 4, -3/24 HPs)
             Began as a Deep Elf Fire Elementalist on May 26, 2017.
             Killed from afar by Natasha (6 damage)
             ... with a wand of flame (?/48)
             ... on level 2 of the Dungeon.
             The game lasted 00:05:20 (1502 turns).

KiwiOfAdowableness the Magician (DEFE)              Turns: 1502, Time: 00:05:21

Health: -3/24      AC:  3    Str:  5    XL:     4   Next: 71%
Magic:  13/14      EV: 13    Int: 21    God:
Gold:   59         SH:  0    Dex: 15    Spells: 12/16 levels left

rFire    + . .     SeeInvis .   (no weapon)
rCold    + . .     Gourm    .   (no shield)
rNeg     . . .     Faith    .   a - +0 robe
rPois    +         Spirit   .   (no helmet)
rElec    +         Reflect  .   (no cloak)
rCorr    +         Harm     .   i - +0 pair of gloves (curse)
MR       .....                  (no boots)
Stlth    ++........             (no amulet)
Regen    0.1/turn               k - ring of wizardry
MPRegen  0.2/turn               (no ring)

@: resistant, slowed, very slow
A: no striking features
a: no special abilities


You were on level 2 of the Dungeon.
You were not hungry.

You visited 1 branch of the dungeon, and saw 2 of its levels.

You collected 59 gold pieces.

Inventory:

Armour
 a - a +0 robe (worn)
 i - a cursed +0 pair of gloves (worn)
Jewellery
 k - a ring of wizardry (left hand)
Scrolls
 e - 3 scrolls of teleportation {unknown}
 j - 3 scrolls of identify {unknown}
 m - a scroll of amnesia {unknown}
Potions
 f - a potion of curing {unknown}
 h - a potion of cancellation {unknown}
Books
 b - a book of Flames

   Spells                             Type                      Level
   a - Flame Tongue                   Conjuration/Fire             1
   b - Throw Flame                    Conjuration/Fire             2
   c - Conjure Flame                  Conjuration/Fire             3
   d - Inner Flame                    Hexes/Fire                   3
   e - Sticky Flame                   Conjuration/Fire             4
   f - Fireball                       Conjuration/Fire             5
Comestibles
 c - a bread ration
 g - 2 meat rations
 l - 2 royal jellies
 n - a chunk of flesh


   Skills:
 - Level 2.4 Dodging
 - Level 2.4 Stealth
 + Level 6.7 Spellcasting
 - Level 1.1 Conjurations
 - Level 3.2 Fire Magic


You had 12 spell levels left.
You knew the following spells:

 Your Spells              Type           Power        Failure   Level  Hunger
a - Flame Tongue          Conj/Fire      ###..        1%          1    None
c - Conjure Flame         Conj/Fire      ###.....     4%          3    #......


Dungeon Overview and Level Annotations

Branches:
Dungeon (2/15)

Altars:

Annotations:
D:2 Natasha


Message History

The flame tongue hits Natasha.
Natasha is lightly wounded.
Natasha growls.
Natasha claws you.
The crimson imp grins evilly.
The crimson imp blinks!
Natasha misses you.
The crimson imp disappears in a puff of smoke!
Natasha zaps a wand.
The puff of flame hits you! You resist.
* * * LOW HITPOINT WARNING * * *
Natasha stares at you and mumbles some strange words.
You resist with some effort.
The crimson imp shouts, "Bolt, thou warped ill-breeding wormtrail!"
The crimson imp blinks!
Natasha zaps a wand.
The puff of flame hits you! You resist.
* * * LOW HITPOINT WARNING * * *
Natasha stares at you and mumbles some strange words.
You resist with some effort.
There is a stone staircase leading up here.
Natasha zaps a wand.
The puff of flame hits you! You resist.
You die...

h......# #.# #...
#.###### #.# #...
#h#...# #.# ####
#.#.#.# #.# ..h.#.#
#.# ###.#.# #.#
......# #.#
....######.#######
##..ยง....5...h..@#
#.###.......#####
#...........#
######
#####.......#
#....# #.......#
#....# #.......#
###....###
#.......#
#.........
#.......#
####.#....###
#########
#....##......


You could see Natasha and a crimson imp.

Vanquished Creatures
  Natasha (twice) (D:2)
  An adder (D:2)
  2 worms (D:2)
  3 dart slugs (D:2)
  8 bats
  2 giant cockroaches (D:2)
  2 goblins (D:1)
  7 hobgoblins
  4 jackals
  4 kobolds (D:1)
  A ball python (D:1)
  2 frilled lizards (D:1)
  8 rats
46 creatures vanquished.

Notes
Turn   | Place    | Note
-------+----------+-------------------------------------------
     0 | D:1      | KiwiOfAdowableness the Deep Elf Fire Elementalist began the quest for the Orb.
     0 | D:1      | Reached XP level 1. HP: 10/10 MP: 6/6
   205 | D:1      | Reached XP level 2. HP: 12/15 MP: 3/8
   215 | D:1      | Reached skill level 4 in Spellcasting
   838 | D:2      | Reached XP level 3. HP: 19/19 MP: 4/11
   864 | D:2      | Reached skill level 5 in Spellcasting
   927 | D:2      | Learned a level 3 spell: Conjure Flame
  1200 | D:2      | Noticed Natasha
  1206 | D:2      | Killed Natasha
  1206 | D:2      | Reached skill level 6 in Spellcasting
  1206 | D:2      | Reached XP level 4. HP: 24/24 MP: 4/14
  1395 | D:2      | Noticed Natasha
  1409 | D:2      | Killed Natasha
  1451 | D:2      | Noticed Natasha
  1502 | D:2      | Killed from afar by Natasha

Skill      XL: |  1  2  3 |
---------------+----------+-----
Spellcasting   | 4 6 |  6.7
Dodging        | |  2.4
Stealth        | |  2.4
Conjurations   | |  1.1
Fire Magic     | |  3.2

Action                   |  1- 3 |  4- 6 || total
-------------------------+-------+-------++-------
Melee: Unarmed           |     1 |       ||     1
 Cast: Flame Tongue      |    69 |    17 ||    86
       Conjure Flame     |     1 |       ||     1
  Use: Potion            |       |     1 ||     1
 Stab: Sleeping          |     1 |       ||     1
  Eat: Chunk             |     1 |     1 ||     2
Armor: Robe              |     8 |       ||     8
Dodge: Dodged            |    11 |     5 ||    16
